 Dungeon Crawl Stone Soup version 0.31.0-9-g3a7656b989 (webtiles) character file.

Game seed: 1051704130904988840

1935833 Daunt the Conqueror (level 25, 231/231 HPs)
             Began as a Minotaur Berserker on Jan 25, 2024.
             Was the Champion of Trog.
             Escaped with the Orb
             ... and 3 runes!
             The game lasted 02:33:56 (51314 turns).

Daunt the Conqueror (Minotaur Berserker)           Turns: 51314, Time: 02:33:56

Health: 231/231    AC: 46    Str: 32    XL:     25   Next: 89%
Magic:  22/22      EV: 13    Int:  6    God:    Trog [******]
Gold:   8023       SH: 14    Dex: 13    Spells: 24/24 levels left

rFire   + . .        a - +8 mithril axe "Arga" {speed, Will+}
rCold   + + .        A - +0 kite shield of Privacy {rElec Int-2 Slay+5 SInv}
rNeg    + + .        y - +5 gold dragon scales
rPois   +            Q - +4 hat "Wajoc" {Dex+2 Stlth+}
rElec   +            Z - +1 cloak {Will+}
rCorr   +            I - +2 pair of gloves {Stlth+}
SInv    +            (no boots)
Will    +++..        W - amulet of Natuffirau {Rampage rC+ Will+ Regen+} Stlth
                     C - ring of the Harvest {Str+3 Int+2 Slay+4, =R}
HPRegen 1.38/turn    B - ring "Woogiah" {rPois rN++ Will- rCorr AC+4}
MPRegen 0.18/turn

%: rampage
@: no status effects
A: horns 2, retaliatory headbutt, dopey 1, frail 1, inability to read after
injury 1
0: Orb of Zot
}: 3/15 runes: decaying, silver, gossamer
a: Renounce Religion, Berserk, Trog's Hand, Brothers in Arms


You escaped.
You worshipped Trog.
Trog was exalted by your worship.
You visited 8 branches of the dungeon, and saw 44 of its levels.
You also visited: Gauntlet and Volcano.

You collected 8742 gold pieces.
You spent 719 gold pieces at shops.

Inventory:

Hand Weapons
 a - the +8 mithril axe "Arga" (weapon) {speed, Will+}
   (You acquired it on level 10 of the Dungeon)

   Will+:     It increases your willpower.
 b - the +7 broad axe of Hepliaklqana's Regard {holy, rF+ Dex+4}
   (You found it on level 5 of the Lair of Beasts)

   Dex+4:     It affects your dexterity (+4).
   rF+:       It protects you from fire.
Missiles
 h - 58 poisoned darts
 n - a throwing net
 J - 22 boomerangs (quivered)
 L - 19 curare-tipped darts
 N - 12 atropa-tipped darts
 P - 3 datura-tipped darts
 X - 9 javelins
Armour
 y - +5 gold dragon scales (worn)
 A - the +0 kite shield of Privacy (worn) {rElec Int-2 Slay+5 SInv}
   (You found it on level 4 of the Vaults)

   Int-2:     It affects your intelligence (-2).
   Slay+5:    It affects your accuracy & damage with ranged weapons and melee
   (+5).
   rElec:     It insulates you from electricity.
   SInv:      It lets you see invisible.
 I - a +2 pair of gloves of stealth (worn)
 Q - the +4 hat "Wajoc" (worn) {Dex+2 Stlth+}
   (You found it on level 3 of the Swamp)

   Dex+2:     It affects your dexterity (+2).
   Stlth+:    It makes you more stealthy.
 Z - a +1 cloak of willpower (worn)
Jewellery
 z - a +5 ring of evasion
 B - the ring "Woogiah" (right hand) {rPois rN++ Will- rCorr AC+4}
   (You acquired it on level 5 of the Vaults)

   [ring of protection]

   AC+4:      It affects your AC (+4).
   rPois:     It protects you from poison rN++: It greatly protects you from
   negative energy.
   Will-:     It decreases your willpower.
   rCorr:     It protects you from acid and corrosion.
 C - the ring of the Harvest (left hand) {Str+3 Int+2 Slay+4, =R}
   (You found it on level 13 of the Dungeon)

   [ring of slaying]

   Str+3:     It affects your strength (+3).
   Int+2:     It affects your intelligence (+2).
   Slay+4:    It affects your accuracy & damage with ranged weapons and melee
   (+4).
 F - a ring of protection from fire
 M - a ring of flight
 W - the amulet of Natuffirau (around neck) {Rampage rC+ Will+ Regen+}
   (You found it in a Gauntlet)

   [amulet of regeneration]

   rC+:       It protects you from cold.
   Will+:     It increases your willpower.
   Regen+:    It increases your rate of health regeneration.
   Rampage:   It bestows one free step when moving towards enemies.
Wands
 u - a wand of light (29)
 H - a wand of digging (3)
 R - a wand of paralysis (44)
 T - a wand of iceblast (29)
Scrolls
 k - 14 scrolls of teleportation
 m - 4 scrolls of revelation
 p - 9 scrolls of poison
 q - 5 scrolls of immolation
 r - 3 scrolls of summoning
 t - 3 scrolls of silence
 v - 6 scrolls of blinking
 x - 10 scrolls of fear
 D - 7 scrolls of fog
 K - 5 scrolls of vulnerability
Potions
 c - 5 potions of haste
 d - 3 potions of might
 e - 16 potions of curing
 f - 6 potions of ambrosia
 g - 10 potions of mutation
 j - 14 potions of heal wounds
 l - 11 potions of enlightenment
 o - 2 potions of cancellation
 s - 9 potions of attraction
 E - 2 potions of berserk rage
 O - a potion of resistance
 U - 3 potions of magic
 Y - 7 potions of lignification
Miscellaneous
 w - a phantom mirror
 G - a box of beasts
 S - a condenser vane
 V - a phial of floods


   Skills:
 O Level 27 Fighting
 * Level 22.7 Axes
 - Level 15.0 Throwing
 + Level 25.5 Armour
 + Level 13.9 Dodging
 - Level 16.6 Shields
 + Level 18.7 Evocations


You had 24 spell levels left.
You didn't know any spells.
Your spell library was empty.

Dungeon Overview and Level Annotations

Branches:
Dungeon (15/15)              Lair (5/5) D:11          Swamp (4/4) Lair:3
 Spider (4/4) Lair:2        Slime (0/5) Lair:5          Orc (2/2) D:9
    Elf (0/3) Orc:2        Vaults (5/5) D:13          Crypt (0/3) Vaults:3
 Depths (4/4) D:15            Zot (5/5) Depths:4    Volcano (visited)
Gauntlet (visited)
 Temple: D:4-7

Altars:
Dithmenos
Kikubaaqudgha
Makhleb
Nemelex Xobeh
Sif Muna
Trog
Vehumet
Xom
Yredelemnul
Jiyva

Shops:
D:15 ?   Orc:1 (   Orc:2 [:!:*   Vaults:2 [   Vaults:3 ?

Portals:
Hell: Depths:1 Depths:2 Depths:3 Depths:4
Abyss: Depths:3
Pandemonium: Depths:2
Ziggurat: Depths:2
Trove: Vaults:2 (give 11 potions of heal wounds)


Innate Abilities, Weirdness & Mutations

You have a pair of horns on your head.
You reflexively headbutt those who attack you in melee.
You are dopey. (Int -2)
You are frail. (-10% HP)
You occasionally lose the ability to read scrolls when taking damage.


Message History

The demonspawn black sun is almost dead.
You slice the lorocyproca!! You slice the demonspawn black sun!!
You kill the demonspawn black sun!
Trog accepts your kill.
You slice the lorocyproca!! You cut the lorocyproca into ribbons!!!
You kill the lorocyproca!
Trog accepts your kill.
No target in view!
No target in view!
You feel yourself slow down.
There is a stone staircase leading up here.
You climb upwards.
An Orb Guardian comes into view.
There is a stone staircase leading down here.
You rampage towards the Orb Guardian!
You slash the Orb Guardian!
The Orb Guardian is lightly wounded.
You slice the Orb Guardian!!
The Orb Guardian is heavily wounded.
You block the Orb Guardian's attack.
You open the Orb Guardian like a pillowcase!!!
You kill the Orb Guardian!
Trog accepts your kill.
No target in view!
No target in view!
There is a stone staircase leading down here.
You see here a quokka skeleton.
A rust devil comes into view.
You hit the rust devil but do no damage.
You slash the rust devil!
The rust devil is moderately wounded.
You slash the rust devil! You headbutt the rust devil!
You kill the rust devil!
Trog accepts your kill.
No target in view!
There is an open door here.
There is a dry fountain here.
There is a staircase leading out of the dungeon here.
You have escaped!

#.#.# #.# #.#.....##.# #.
#.#.####.# #........#)# #.
#.#......###..........# #.
#.#..................## #.
#.#.##...#####.......# #.
#.#.##...#...#.....#.######.
######.#.##.###.⌠.###..###.......
.....#.#.##.#.......#...#.#######
####.#.#.##.'.⌠.@.⌠.+.##.##
#.#......#.......#.##.#
#.###.##.###.⌠.###.##.# #.#
#.##...#...#...##.# #.#
#.##...#####......# #.#
#.##............### #.#
#.##..########### ####.###.###.#
.........# #.#


There were no monsters in sight!

Vanquished Creatures
  3 dread liches (Zot:5)
  3 orbs of fire (Zot:5)
  3 ancient liches
  Mara (Vaults:4)
  3 Killer Klowns (Zot:5)
  Margery (Depths:2)
  2 curse toes
  The ghost of Janeylunn the Victor of a Thousand Battles, a veteran GnWn of Okawaru (Depths:2)
  A caustic shrike (Depths:3)
  the Enchantress (Depths:2)
  13 golden dragons
  4 electric golems
  A Brimstone Fiend (Zot:5)
  A Hell Sentinel (D:6)
  9 tentacled monstrosities
  Jorgrun (Swamp:3)
  3 liches
  28 Orb Guardians
  7 titans
  3 acid blobs (Zot:2)
  A sphinx (Depths:3)
  6 quicksilver dragons
  A searing wretch (Depths:2)
  12 death cobs
  4 tentacled starspawn (Zot:2)
  An ancient champion (Vaults:3)
  14 tengu reavers
  Frances (D:14)
  13 storm dragons
  9 shadow dragons
  Aizul (Spider:4)
  6 draconian monks
  3 protean progenitors
  4 draconian knights
  13 frost giants
  A balrug (Zot:2)
  4 draconian shifters
  7 fire giants
  2 deep elf sorcerers (Depths:3)
  19 vault wardens
  8 ghost moths
  4 emperor scorpions
  2 iron dragons
  2 orc warlords (Vaults:4)
  4 draconian stormcallers
  12 draconian scorchers
  8 draconian annihilators
  5 ghouls
  4 caustic shrike zombies (Zot:2)
  A reaper (D:12)
  10 spriggan defenders
  2 caustic shrike skeletons
  19 ironbound preservers
  3 quicksilver oozes (Zot:2)
  2 broodmothers
  17 very ugly things
  5 vampire knights
  A formless jellyfish (Vaults:4)
  5 ironbound thunderhulks
  10 stone giants
  3 deep elf demonologists (Vaults:5)
  2 demonspawn black suns
  2 grey draconians (Depths:4)
  9 green draconians
  A bunyip (Swamp:1)
  2 deep elf death magi (Vaults:3)
  An eleionoma (Swamp:1)
  2 war gargoyles (Vaults:5)
  5 lorocyprocas
  11 red draconians
  9 black draconians
  A minotaur (Gauntlet)
  10 white draconians
  11 purple draconians
  9 spark wasps
  Azrael (Spider:2)
  8 yellow draconians
  The ghost of Feulaj the Severer, a journeyman MiBe of Trog (Lair:3)
  3 crystal guardians (Zot:2)
  4 deep elf annihilators
  7 dire elephants
  A blizzard demon (D:10)
  8 ettins
  Snorg (Lair:5)
  11 entropy weavers
  8 deep elf high priests
  13 fire dragons
  23 yaktaur captains
  5 rakshasas
  5 spriggan air magi
  29 vault guards
  16 hydras
  10 alligators
  7 ice dragons
  6 great orbs of eyes
  3 ogre magi
  2 anacondas (shapeshifter)
  4 radroaches
  A sphinx zombie (Depths:1)
  Erica (D:9)
  Erolcha (Orc:2)
  A death knight (D:13)
  A ghost crab (Spider:4)
  6 deep troll shamans
  7 boulder beetles
  3 centaur warriors
  The ghost of ssalbiz the Thaumaturge, a journeyman DEHW of Vehumet (D:9)
  13 ironbound frosthearts
  13 tengu warriors
  11 deep troll earth magi
  2 death yaks (Lair:1)
  5 two-headed ogres
  2 hell hogs (Depths:1)
  9 occultists
  4 demonic crawlers
  A vampire mage (Depths:3)
  5 spriggan berserkers
  An orc high priest (Orc:2)
  Sonja (Lair:3)
  Nergalle (Orc:1)
  5 soul eaters
  2 sun demons
  3 skeletal warriors (D:12)
  18 hell knights
  9 skysharks
  6 iron trolls
  A fire crab (Gauntlet)
  7 pharaoh ants
  70 deep trolls
  A shadow demon (D:6)
  A spark wasp zombie (Depths:3)
  A deep troll (shapeshifter) (D:13)
  2 goliath frogs (Swamp:2)
  A sea snake (shapeshifter) (Zot:2)
  3 flayed ghosts
  Amaemon (Lair:3)
  2 spriggan druids
  A death drake (Swamp:3)
  A spriggan rider (Depths:3)
  10 swamp dragons
  18 ironbound convokers
  An orb spider (shapeshifter) (Vaults:5)
  An orange crystal statue (Zot:5)
  A sun moth (Spider:3)
  6 arcanists
  9 glowing orange brains
  7 orb spiders
  8 phantasmal warriors
  3 lindwurms (Vaults:1)
  A lightning spire (Gauntlet)
  2 bog bodies
  4 steelbarb worms
  2 deep elf zephyrmancers (Vaults:5)
  11 necromancers
  An obsidian statue (Zot:5)
  6 deep elf pyromancers
  8 harpies (Vaults:2)
  11 orc knights
  4 will-o-the-wisps
  10 orc sorcerers
  23 wolf spiders
  9 manticores
  7 cyclopes
  32 ugly things
  6 meliai
  4 black mambas
  A water nymph (shapeshifter) (Depths:3)
  20 vault sentinels
  27 moths of wrath
  A frost giant skeleton (Depths:1)
  5 kobold blastminers
  An orange demon (Lair:3)
  A toenail golem (D:14)
  An apocalypse crab (Zot:2)
  A rust devil (D:1)
  23 elephants
  7 torpor snails
  2 molten gargoyles (Volcano)
  A smoke demon (Depths:1)
  20 cane toads
  An elf skeleton (Vaults:1)
  A kobold demonologist (D:12)
  A minotaur zombie (Gauntlet)
  2 rime drakes
  Jeremiah (Lair:1)
  4 hellions
  A tormentor (D:10)
  42 yaktaurs
  4 efreet
  8 komodo dragons
  A yaktaur skeleton (Vaults:1)
  4 red devils (Volcano)
  Psyche (D:11)
  8 tengu conjurers
  A human skeleton (Vaults:1)
  An ice devil (D:11)
  A troll (shapeshifter) (Depths:3)
  12 trolls
  4 freezing wraiths
  9 hornets
  2 polar bears
  21 tarantellas
  15 tyrant leeches
  22 blink frogs
  An iron dragon simulacrum (Depths:1)
  2 raiju (Gauntlet)
  7 dream sheep (Lair:5)
  2 glass eyes
  23 culicivoras
  2 water elementals (Depths:4)
  34 slime creatures
  23 jumping spiders
  A spriggan (shapeshifter) (Vaults:5)
  12 spriggans
  A vampire (D:9)
  9 fire bats
  11 wyverns
  A centaur simulacrum (Gauntlet)
  3 shadows
  4 fire elementals (Spider:2)
  A spriggan skeleton (Depths:1)
  5 wraiths
  The ghost of jpg77071 the Chopper, an amateur HOMo (D:3)
  52 yaks
  47 redbacks
  2 basilisks
  26 vampire mosquitoes
  3 wargs
  A swamp worm (shapeshifter) (Depths:3)
  4 acid dragons
  23 swamp worms
  4 hell hounds (Spider:2)
  6 water moccasins
  11 orc warriors
  7 swamp drakes (Swamp:4)
  A sky beast (D:6)
  A meliai simulacrum (Gauntlet)
  2 ice beasts
  14 ogres
  4 black bears
  10 centaurs
  A phantom (D:4)
  21 bullfrogs
  2 gnoll sergeants
  5 kobold brigands
  A necrophage (Swamp:3)
  4 scorpions
  4 killer bees
  8 electric eels
  4 howler monkeys
  4 lava snakes (Volcano)
  2 bombardier beetles
  5 hounds
  13 orc priests
  A wyvern simulacrum (Gauntlet)
  A gnoll bouda (D:6)
  4 iguanas
  A sleepcap (D:3)
  31 orc wizards
  A boggart simulacrum (Gauntlet)
  21 gnolls
  15 adders
  3 shadow imps
  4 white imps
  2 ufetubi (D:6)
  3 dart slugs
  69 orcs
  4 ball pythons
  6 endoplasms
  7 giant cockroaches
  9 hobgoblins
  5 jackals
  18 kobolds
  7 quokkas
  3 bats
  8 frilled lizards
  12 goblins
  9 rats
  2 aspiring fleshes
  3 butterflies (Zot:2)
  10 starspawn tentacles (Zot:2)
1991 creatures vanquished.

Vanquished Creatures (collateral kills)
  the Lernaean hydra (Swamp:4)
  A very ugly thing (Depths:3)
  A white draconian (Zot:3)
  A hydra (Lair:4)
  2 vault guards (Vaults:5)
  2 swamp dragons (Swamp:4)
  A glowing orange brain (Depths:3)
  A water moccasin (Lair:4)
10 creatures vanquished.

Vanquished Creatures (others)
  A draconian knight (Zot:2)
  A shadow wraith (Vaults:5)
  A moth of wrath (Zot:1)
  2 bloated husks
  An orc wizard (Orc:2)
  An adder (D:5)
  An orc (Orc:1)
  14 foxfires
  2 starspawn tentacles (Zot:2)
24 creatures vanquished.

Grand Total: 2025 creatures vanquished

Notes
Turn   | Place    | Note
-------+----------+-------------------------------------------
     0 | D:1      | Daunt the Minotaur Berserker began the quest for the Orb.
     0 | D:1      | Reached XP level 1. HP: 19/19 MP: 0/0
   405 | D:1      | Reached XP level 2. HP: 19/26 MP: 1/1
   723 | D:2      | Reached skill level 5 in Axes
   724 | D:2      | Reached XP level 3. HP: 31/31 MP: 2/2
  1003 | D:2      | Reached ** piety under Trog
  1056 | D:2      | Reached XP level 4. HP: 39/39 MP: 3/3
  1082 | D:2      | Found a faded altar of an unknown god.
  1445 | D:3      | Found a runed translucent door.
  1467 | D:3      | Noticed jpg77071's ghost (amateur HOMo)
  1637 | D:3      | Reached XP level 5. HP: 33/45 MP: 4/4
  2281 | D:3      | Reached *** piety under Trog
  2699 | D:4      | Reached XP level 6. HP: 51/51 MP: 5/5
  3216 | D:4      | Identified the staff of the Desolation of Salt {rC+++ Str+7
                  | Conj}
  3323 | D:5      | Entered Level 5 of the Dungeon
  3362 | D:5      | Reached XP level 7. HP: 17/57 MP: 6/6
  3378 | D:5      | Reached skill level 10 in Axes
  3647 | D:5      | Noticed a two-headed ogre
  3789 | D:5      | Killed a two-headed ogre
  3790 | D:5      | Reached XP level 8. HP: 64/64 MP: 7/7
  4019 | D:5      | Reached **** piety under Trog
  4605 | D:6      | Reached skill level 4 in Fighting
  4622 | D:6      | Noticed a manticore
  4640 | D:6      | Killed a manticore
  4641 | D:6      | Reached skill level 6 in Fighting
  4641 | D:6      | Reached XP level 9. HP: 64/75 MP: 8/8
  4861 | D:6      | Found a shimmering blue altar of Sif Muna.
  4988 | D:6      | Reached skill level 7 in Fighting
  5124 | D:6      | Identified the +0 ring mail of the Harvest Moon {rElec rN++
                  | Int-4}
  5472 | D:7      | Reached skill level 8 in Fighting
  5568 | D:7      | Reached skill level 9 in Fighting
  5726 | D:7      | Reached ***** piety under Trog
  5735 | D:7      | Identified the +1 hand axe of the Hammering Spider {spect,
                  | *Slow rN++ Dex+3 SInv}
  6015 | D:7      | Identified the +8 quarterstaff "Emahied" {protect, rC+
                  | SInv}
  6128 | D:8      | Reached skill level 10 in Fighting
  6130 | D:8      | Received a gift from Trog
  6210 | D:8      | Noticed a troll
  6213 | D:8      | Killed a troll
  6277 | D:8      | Reached XP level 10. HP: 43/94 MP: 9/9
  6661 | D:8      | Reached skill level 11 in Fighting
  6661 | D:8      | Reached skill level 15 in Axes
  6859 | D:9      | Found an ancient bone altar of Kikubaaqudgha.
  6869 | D:9      | Noticed a manticore
  6883 | D:9      | Killed a manticore
  6974 | D:9      | Noticed Erica
  6985 | D:9      | Killed Erica
  7123 | D:9      | Found a staircase to the Orcish Mines.
  7191 | D:9      | Reached skill level 12 in Fighting
  7331 | D:9      | Found a bloodstained altar of Trog.
  7495 | D:9      | Reached XP level 11. HP: 72/104 MP: 10/10
  7526 | D:9      | Found a runed translucent door.
  7527 | D:9      | Noticed ssalbiz's ghost (journeyman DEHW)
  7704 | D:9      | Received a gift from Trog
  7729 | D:9      | Noticed a two-headed ogre
  7734 | D:9      | Killed a two-headed ogre
  8028 | D:10     | Entered Level 10 of the Dungeon
  8153 | D:10     | Identified a scroll of acquirement
  8154 | D:10     | Acquired the +8 mithril axe "Arga" {speed, Will+}
  8154 | D:10     | Found the +8 mithril axe "Arga" {speed, Will+}
  8297 | D:10     | Reached skill level 1 in Shields
  8736 | D:11     | Noticed a two-headed ogre
  8743 | D:11     | Killed a two-headed ogre
  8884 | D:11     | Noticed Psyche
  8902 | D:11     | Killed Psyche
  8977 | D:11     | Reached skill level 13 in Fighting
  8982 | D:11     | Reached skill level 5 in Shields
  9161 | D:11     | Found a staircase to the Lair.
  9500 | Lair:1   | Entered Level 1 of the Lair of Beasts
  9646 | Lair:1   | Reached XP level 12. HP: 115/115 MP: 11/11
  9684 | Lair:1   | You fall into a shaft and drop 1 floor!
  9755 | Lair:1   | Reached skill level 10 in Shields
  9818 | Lair:1   | Found a gate leading to a gauntlet.
  9828 | Gauntlet | Entered a Gauntlet
  9828 | Gauntlet | Found a transporter.
  9828 | Gauntlet | Found a transporter.
  9828 | Gauntlet | Found a transporter.
  9829 | Gauntlet | Found a transporter.
  9830 | Gauntlet | Found a transporter.
  9833 | Gauntlet | Found a transporter.
  9839 | Gauntlet | Found a transporter.
  9841 | Gauntlet | Found a transporter.
  9842 | Gauntlet | Found a transporter.
  9845 | Gauntlet | Found a transporter.
  9850 | Gauntlet | Noticed a death scarab
  9851 | Gauntlet | Noticed a death scarab
  9852 | Gauntlet | Found a transporter.
  9855 | Gauntlet | Found a transporter.
 10322 | Gauntlet | Identified the amulet of Natuffirau {Rampage rC+ Will+
                  | Regen+}
 10348 | Gauntlet | Identified the ring of Koasugh {rN+ Int+6}
 10348 | Gauntlet | Noticed a minotaur
 10363 | Gauntlet | Killed a minotaur
 10474 | Lair:1   | Noticed Jeremiah
 10480 | Lair:1   | Killed Jeremiah
 10662 | Lair:1   | Identified the +4 quarterstaff "Edipn" {vamp, Int+2}
 10725 | Lair:1   | Noticed a death yak
 10743 | Lair:1   | Killed a death yak
 10764 | Lair:1   | Noticed a death yak
 10775 | Lair:1   | Killed a death yak
 11299 | Lair:2   | Noticed a boulder beetle
 11311 | Lair:2   | Killed a boulder beetle
 11312 | Lair:2   | Reached XP level 13. HP: 117/122 MP: 12/12
 11428 | Lair:2   | Found a hole to the Spider Nest.
 11618 | Lair:2   | Reached skill level 15 in Shields
 11845 | Lair:3   | Noticed Sonja
 11866 | Lair:3   | Killed Sonja
 11984 | Lair:3   | Found a staircase to the Swamp.
 12073 | Lair:3   | Noticed Amaemon
 12089 | Lair:3   | Killed Amaemon
 12089 | Lair:3   | Received a gift from Trog
 12217 | Lair:3   | Found a runed translucent door.
 12223 | Lair:3   | Noticed Feulaj's ghost (journeyman MiBe)
 12585 | Lair:3   | Killed Feulaj's ghost
 12859 | Lair:4   | Reached skill level 5 in Armour
 13006 | Lair:4   | Reached skill level 14 in Fighting
 13417 | Lair:5   | Entered Level 5 of the Lair of Beasts
 13638 | Lair:5   | Reached XP level 14. HP: 121/133 MP: 13/13
 13654 | Lair:5   | Reached ****** piety under Trog
 13728 | Lair:5   | Received a gift from Trog
 13729 | Lair:5   | Reached skill level 15 in Fighting
 13926 | Lair:5   | Noticed Snorg
 13938 | Lair:5   | Killed Snorg
 14026 | Lair:5   | Found a dark tunnel.
 14066 | Volcano  | Entered a volcano
 14169 | Volcano  | Found a radiant altar of Vehumet.
 14178 | Volcano  | Reached skill level 10 in Armour
 14251 | Volcano  | Reached skill level 16 in Fighting
 14435 | Lair:5   | Found a viscous altar of Jiyva.
 14435 | Lair:5   | Found a staircase to the Slime Pits.
 14707 | Lair:5   | Identified the +7 broad axe of Hepliaklqana's Regard {holy,
                  | rF+ Dex+4}
 14716 | Lair:5   | Identified the +7 whip of Giacaet {freeze, Str+3}
 14761 | Lair:5   | Identified the +5 short sword of Pride {heavy, rC+} (Trog
                  | gifted it to you on level 5 of the Lair of Beasts)
 14761 | Lair:5   | Received a gift from Trog
 15457 | D:12     | Reached skill level 17 in Fighting
 16029 | D:13     | Noticed a tengu reaver
 16033 | D:13     | Killed a tengu reaver
 16206 | D:13     | Identified the ring of the Harvest {Str+3 Int+2 Slay+4}
 16273 | D:13     | Found a gate to the Vaults.
 16277 | D:13     | Reached XP level 15. HP: 143/147 MP: 14/14
 16395 | D:13     | Identified the +6 plate armour of Dumpacs {Str+2}
 16740 | D:13     | Identified the staff of the Leaping Eel {rElec rF+ Fire}
 16856 | D:14     | Found a sparkling altar of Nemelex Xobeh.
 16868 | D:14     | Reached skill level 18 in Fighting
 17001 | D:14     | Noticed Frances
 17010 | D:14     | Killed Frances
 17855 | D:15     | Entered Level 15 of the Dungeon
 17867 | D:15     | Received a gift from Trog
 17872 | D:15     | Found Hoteaph's Magic Scroll Shop.
 17970 | D:15     | Bought a scroll of identify for 34 gold pieces
 17970 | D:15     | Bought a scroll of identify for 34 gold pieces
 17970 | D:15     | Bought a scroll of identify for 34 gold pieces
 17970 | D:15     | Bought a scroll of identify for 34 gold pieces
 17970 | D:15     | Bought a scroll of enchant armour for 127 gold pieces
 18203 | D:15     | Reached skill level 19 in Fighting
 18352 | D:15     | Found a staircase to the Depths.
 18750 | Orc:1    | Entered Level 1 of the Orcish Mines
 18751 | Orc:1    | Found a burning altar of Makhleb.
 18758 | Orc:1    | Found a shimmering altar of Xom.
 18769 | Orc:1    | Reached skill level 1 in Evocations
 19514 | Orc:1    | Noticed Nergalle
 19518 | Orc:1    | Killed Nergalle
 19521 | Orc:1    | Found Kouf's Weapon Emporium.
 19651 | Orc:2    | Entered Level 2 of the Orcish Mines
 19739 | Orc:2    | Found a staircase to the Elven Halls.
 19778 | Orc:2    | Found Quxkez's General Store.
 19793 | Orc:2    | Bought a scroll of identify for 30 gold pieces
 20044 | Orc:2    | Received a gift from Trog
 20085 | Orc:2    | Found Jaimam's Book Shoppe.
 20157 | Orc:2    | Found Woj Ext's Antique Armour Emporium.
 20192 | Orc:2    | Found an ancient bone altar of Kikubaaqudgha.
 20217 | Orc:2    | Found Ivan's Distillery.
 20219 | Orc:2    | Noticed Erolcha
 20230 | Orc:2    | Killed Erolcha
 20231 | Orc:2    | Reached XP level 16. HP: 155/157 MP: 15/15
 20255 | Orc:2    | Found a radiant altar of Vehumet.
 20318 | Orc:2    | Found Xukuin's Book Shoppe.
 20979 | D:3      | Killed jpg77071's ghost
 21373 | D:9      | Killed ssalbiz's ghost
 21817 | Spider:1 | Entered Level 1 of the Spider Nest
 21852 | Spider:1 | Reached skill level 5 in Dodging
 22391 | Spider:1 | Reached skill level 5 in Evocations
 22525 | Spider:1 | Reached XP level 17. HP: 169/169 MP: 16/16
 23029 | Spider:2 | Received a gift from Trog
 23030 | Spider:2 | Reached skill level 1 in Throwing
 23301 | Spider:2 | Reached skill level 5 in Throwing
 23565 | Spider:2 | Noticed Azrael
 23578 | Spider:2 | Killed Azrael
 24021 | Spider:3 | Received a gift from Trog
 24334 | Spider:3 | Reached skill level 10 in Throwing
 24607 | Spider:4 | Entered Level 4 of the Spider Nest
 24911 | Spider:4 | Reached XP level 18. HP: 177/178 MP: 17/17
 25153 | Spider:4 | Received a gift from Trog
 25329 | Spider:4 | Identified the serpent talisman of Darkness {rC+}
 25329 | Spider:4 | Noticed Aizul
 25457 | Spider:4 | Killed Aizul
 25877 | Spider:4 | Got a gossamer rune of Zot
 26178 | Swamp:1  | Entered Level 1 of the Swamp
 26478 | Swamp:1  | Identified the +1 plate armour "Conkuf" {rF+ Will++}
 26583 | Swamp:1  | Received a gift from Trog
 27385 | Swamp:3  | Found a transporter.
 27547 | Swamp:3  | Found a transporter.
 27557 | Swamp:3  | Noticed Jorgrun
 27568 | Swamp:3  | Killed Jorgrun
 27756 | Swamp:3  | Reached skill level 15 in Armour
 27997 | Swamp:4  | Entered Level 4 of the Swamp
 28225 | Swamp:4  | Reached skill level 20 in Fighting
 28672 | Swamp:4  | Noticed the 27-headed Lernaean hydra
 28693 | Swamp:4  | HP: 7/178 [poisoned by a swamp dragon (blast of poison)]
 28832 | Swamp:4  | Received a gift from Trog
 28836 | Swamp:4  | Killed the 26-headed Lernaean hydra
 28987 | Swamp:4  | Got a decaying rune of Zot
 29406 | Vaults:1 | Entered Level 1 of the Vaults
 29518 | D:13     | Reached XP level 19. HP: 139/185 MP: 18/18
 29782 | Vaults:1 | Received a gift from Trog
 30972 | Vaults:2 | Reached skill level 21 in Fighting
 31135 | Vaults:2 | Found a portal to a secret trove of treasure.
 31194 | Vaults:2 | Found Feedaed's Antique Armour Emporium.
 31218 | Vaults:2 | Identified the +2 war axe of Trog's Reproof {heavy, rF+ rN+
                  | Will+ Str-3} (Trog gifted it to you on level 2 of the
                  | Vaults)
 31218 | Vaults:2 | Received a gift from Trog
 31350 | Vaults:2 | You fall into a shaft and drop 2 floors!
 31352 | Vaults:4 | Acquired 1233 gold pieces
 31368 | Vaults:4 | Reached skill level 10 in Evocations
 32072 | Vaults:2 | Received a gift from Trog
 32310 | Vaults:3 | Found Oreenom's Magic Scroll Shoppe.
 32317 | Vaults:3 | Bought a scroll of enchant weapon for 142 gold pieces
 32317 | Vaults:3 | Bought a scroll of enchant weapon for 142 gold pieces
 32317 | Vaults:3 | Bought a scroll of enchant armour for 142 gold pieces
 32515 | Vaults:3 | Reached XP level 20. HP: 180/200 MP: 19/19
 32664 | Vaults:3 | Reached skill level 22 in Fighting
 32704 | Vaults:3 | Received a gift from Trog
 33385 | Vaults:3 | Found a staircase to the Crypt.
 34006 | Vaults:4 | Identified the amulet "Ukhy" {RegenMP rCorr SInv Stlth+}
 34048 | Vaults:4 | Received a gift from Trog
 34542 | Vaults:4 | Received a gift from Trog
 34705 | Vaults:4 | Noticed Mara
 34707 | Vaults:4 | Noticed Daunt's illusion
 34730 | Vaults:4 | Killed Mara
 34734 | Vaults:4 | Reached skill level 23 in Fighting
 35000 | Vaults:4 | Identified the +0 kite shield of Privacy {rElec Int-2
                  | Slay+5 SInv}
 35234 | Depths:1 | Entered Level 1 of the Depths
 35342 | Depths:1 | Noticed a golden dragon
 35359 | Depths:1 | Killed a golden dragon
 35360 | Depths:1 | Reached XP level 21. HP: 135/211 MP: 20/20
 35936 | Depths:1 | Received a gift from Trog
 36047 | Depths:1 | Identified the +3 mace "Nus Ysye" {venom, rPois rF+ Int+2}
 36258 | Depths:1 | Found a gateway to Hell.
 36277 | Depths:1 | Identified the +8 halberd "Joceock" {heavy, +Blink rPois
                  | Int+3}
 36422 | Depths:1 | Identified the ring of Vubukas {rPois AC+4 Str-5 Int+2
                  | Dex+4}
 36706 | Depths:2 | Found a one-way gate leading to the halls of Pandemonium.
 36740 | Depths:2 | Found a shadowy altar of Dithmenos.
 36854 | Depths:2 | Received a gift from Trog
 36914 | Depths:2 | You fall into a shaft and drop 1 floor!
 36962 | Depths:2 | Found a large runed translucent door.
 36963 | Depths:2 | Found a large runed translucent door.
 36992 | Depths:2 | Reached skill level 24 in Fighting
 37285 | Depths:2 | Found a one-way gateway to a ziggurat.
 37424 | Depths:2 | Noticed Janeylunn's ghost (veteran GnWn)
 37617 | Depths:2 | Killed Janeylunn's ghost
 37720 | Depths:3 | Noticed the Enchantress
 37722 | Depths:3 | Noticed Margery
 37745 | Depths:2 | Killed Margery
 37750 | Depths:2 | Killed the Enchantress
 38262 | Depths:3 | Received a gift from Trog
 38383 | Depths:3 | Gained mutation: You are frail. (-10% HP) [a shining eye]
 38440 | Depths:3 | Noticed a golden dragon
 38447 | Depths:3 | Killed a golden dragon
 38502 | Depths:3 | Reached XP level 22. HP: 83/201 MP: 11/21
 38664 | Depths:3 | Found a one-way gate to the infinite horrors of the Abyss.
 38796 | Depths:3 | Received a gift from Trog
 38807 | Depths:3 | HP: 15/301 [poisoned by a tengu reaver]
 38810 | Depths:3 | HP: 7/201 [poisoned by a tengu reaver]
 38815 | Depths:3 | HP: 8/201 [poisoned by a tengu reaver]
 39062 | Depths:3 | Noticed a golden dragon
 39074 | Depths:3 | Killed a golden dragon
 39075 | Depths:3 | Reached skill level 25 in Fighting
 39132 | Depths:3 | Noticed a caustic shrike
 39145 | Depths:3 | Killed a caustic shrike
 39146 | Depths:3 | Reached skill level 15 in Evocations
 39556 | Depths:3 | Identified the +1 morningstar of Deav {venom, Will++ Dex-3}
 40075 | Swamp:3  | Identified the ring "Puggi" {Fly Str+6 Int+3}
 40078 | Swamp:3  | Identified the +4 hat "Wajoc" {Dex+2 Stlth+}
 40345 | Depths:4 | Entered Level 4 of the Depths
 40572 | Depths:4 | Noticed a golden dragon
 40581 | Depths:4 | Killed a golden dragon
 40606 | Depths:4 | Found a gate to the Realm of Zot.
 40876 | Depths:4 | Identified the +12 war axe of Annoyance {heavy, rC+ Will+}
                  | (Trog gifted it to you on level 4 of the Depths)
 40876 | Depths:4 | Received a gift from Trog
 41856 | Vaults:5 | Entered Level 5 of the Vaults
 41963 | Vaults:5 | Noticed an ancient lich
 41969 | Vaults:5 | Received a gift from Trog
 42252 | Vaults:4 | Killed an ancient lich
 42320 | Vaults:5 | Noticed a golden dragon
 42399 | Vaults:5 | HP: 8/205 [yaktaur captain/bolt (18)]
 42437 | Vaults:5 | Reached XP level 23. HP: 57/212 MP: 22/22
 42619 | Vaults:5 | Received a gift from Trog
 42619 | Vaults:5 | Found the +7 lajatang of Order {silver, rMut}
 42864 | Vaults:5 | Reached skill level 26 in Fighting
 42885 | Vaults:5 | Identified the +5 rapier "Xaserrary" {elec, Int+2}
 42985 | Vaults:5 | Reached skill level 10 in Dodging
 43098 | Vaults:5 | Reached skill level 15 in Throwing
 43352 | Vaults:5 | Received a gift from Trog
 43472 | Vaults:5 | Identified the +4 plate armour "Faidanoaxic" {Regen+ rCorr
                  | Str-3}
 43509 | Vaults:5 | Got a silver rune of Zot
 43513 | Vaults:5 | Found the +3 giant club "Skullcrusher" {speed, Str+7}
 43565 | Vaults:5 | Found the ring of the Octopus King {rC+ HP+2 AC+2 EV+2
                  | SH+2}
 43662 | Vaults:5 | Acquired the ring "Woogiah" {rPois rN++ Will- rCorr AC+4}
 44620 | Zot:1    | Entered Level 1 of the Realm of Zot
 44942 | Zot:1    | Received a gift from Trog
 45548 | Zot:1    | Found a basalt altar of Yredelemnul.
 45565 | Zot:1    | Reached XP level 24. HP: 197/222 MP: 22/22
 46361 | Zot:2    | Reached skill level 27 in Fighting
 46928 | Zot:2    | Received a gift from Trog
 47022 | Zot:2    | Found a faded altar of an unknown god.
 48122 | Zot:3    | Received a gift from Trog
 48839 | Zot:4    | Reached XP level 25. HP: 231/231 MP: 16/22
 48905 | Zot:4    | Identified the +3 lajatang of the Charming Gods {vamp,
                  | *Corrode rN+ Dex+5}
 49408 | Zot:5    | Entered Level 5 of the Realm of Zot
 49419 | Zot:5    | Noticed a Killer Klown
 49519 | Zot:5    | Killed a Killer Klown
 49571 | Zot:5    | Received a gift from Trog
 49903 | Zot:5    | Noticed a dread lich
 49916 | Zot:5    | Killed a dread lich
 49952 | Zot:5    | Noticed a Killer Klown
 49964 | Zot:5    | Noticed an orb of fire
 49966 | Zot:5    | Gained mutation: You are dopey. (Int -2) [an orb of fire]
 49972 | Zot:5    | Killed a Killer Klown
 49978 | Zot:5    | Gained mutation: You occasionally lose the ability to read
                  | scrolls when taking damage. [an orb of fire]
 49982 | Zot:5    | Killed an orb of fire
 50006 | Zot:5    | Noticed a dread lich
 50031 | Zot:5    | Noticed an ancient lich
 50039 | Zot:5    | Killed a dread lich
 50043 | Zot:5    | Killed an ancient lich
 50334 | Zot:5    | Noticed an ancient lich
 50345 | Zot:5    | Killed an ancient lich
 50349 | Zot:5    | Noticed a Killer Klown
 50360 | Zot:5    | Noticed an orb of fire
 50362 | Zot:5    | Noticed a dread lich
 50379 | Zot:5    | Killed an orb of fire
 50384 | Zot:5    | Killed a dread lich
 50391 | Zot:5    | Killed a Killer Klown
 50515 | Zot:5    | Noticed an orb of fire
 50530 | Zot:5    | Killed an orb of fire
 50530 | Zot:5    | Received a gift from Trog
 50772 | Zot:5    | Got the Orb of Zot
 51236 | D:3      | Noticed Wabudd the pandemonium lord
 51314 | D:$      | Escaped with the Orb!

Illustrated notes

Levels and vault maps discovered:
D:1:      dpeg_arrival_simpleton_c, layout_loops_ring
D:2:      layout_basic, ebering_ecumenical_altar_rust
D:3:      minmay_diamond_boxcup, layout_basic, ebering_ghost_reflecting_pool
D:4:      layout_loops_ring, minmay_temple_entry_from_below_a
D:5:      cheibrodos_barr_body, layout_basic, minmay_misc_feat_doors
D:6:      cheibrodos_two_vegetables, layout_basic, kennysheep_little_box,
          grunt_ministairs_14, minmay_pentangle
D:7:      layout_cave_pools, serial_column_ruins, column_ruins_columns_straight,
          column_ruins_open_large, column_ruins_columns_plus,
          column_ruins_grid_1, column_ruins_open_small_water
D:8:      layout_rooms
D:9:      layout_grid_maze, marbit_many_paths, kiku_gazebo_garden_becter,
          kennysheep_orc_monster_closet_entryway, gammafunk_ghost_grave,
          uniq_erica
D:10:     layout_roguey
D:11:     layout_basic, lair_entry_dummy, uniq_psyche
D:12:     layout_loops_ring
D:13:     minmay_chopped_fan, layout_irregular_city, david_vaults_1
D:14:     layout_rooms, nemelex_xobeh_ov_fountains_minmay,
          serial_co_window_serial, co_window_paths_b, co_window_corner_a,
          co_window_cross_1, co_window_corner_a, co_window_corner_a,
          co_window_of_opportunity_b, co_window_corner_b,
          co_window_of_opportunity_c, co_window_unsneaky_path_a,
          co_window_2corner, co_window_paths_c, co_window_paths_d,
          co_window_4corner_a, glass_columns_a, st_stairs_3, uniq_frances
D:15:     hangedman_depths_entry_civil_slaughter, layout_basic, serial_shops,
          shop_coins, minmay_misc_feat_pillars
Lair:1:   layout_cave_pods, gauntlet_entry_generic, beast_lair_carwin_4,
          uniq_jeremiah
Lair:2:   layout_roguey, nicolae_spider_entry_orb_guardian
Lair:3:   layout_concentric_octagons, minmay_swamp_entry_swarm,
          ebering_ghost_reflecting_pool, uniq_amaemon, uniq_sonja
Lair:4:   layout_regular_city
Lair:5:   minmay_lair_end_frog_pond, layout_regular_city,
          dpeg_slime_entry_enclosed, nicolae_volcano_entry_two_sided,
          serial_bayou_shore_b, grunt_megastairs_5, serial_bayou_shore_b,
          uniq_snorg
Swamp:1:  layout_basic_swamp, nicolae_swamp_tree_designs, swamp_pool_1_2,
          infiniplex_staircase_pool_2
Swamp:2:  layout_falls_marsh, nicolae_swamp_stair_fork,
          infiniplex_staircase_pool
Swamp:3:  gammafunk_worm_tunnel, layout_basic_swamp, serial_swamp_ruin,
          evilmike_swamp_ruin_house_2, evilmike_swamp_ruin_rubble_2,
          swamp_pool_3, uniq_jorgrun
Swamp:4:  swamp_old_school, layout_basic_swamp, swamp_pool_1_2
Spider:1: layout_chambers, hangedman_spider_mandibles
Spider:2: layout_spider_delve, nicolae_spider_not_touching_you, uniq_azrael
Spider:3: layout_spider_delve
Spider:4: grunt_spider_rune_parallel, nicolae_spider_swamp_cousins, uniq_aizul
Orc:1:    layout_caves, serial_shops, shop, basic_altar, bloody_makhleb,
          uniq_nergalle
Orc:2:    kennysheep_orc_mage_school, layout_caves, basic_altar, serial_shops,
          shop, nicolae_orc_seminary
Vaults:1: hangedman_vaults_hat, vaults_room_corners, vaults_mumra_hexcomb,
          v_misc_29, nicolae_vaults_fighting_squares, nicolae_vaults_tangram_2,
          nicolae_vaults_three_branches, layout_vaults_quadrants
Vaults:2: ontoclasm_vaults_loading_screen, nicolae_vaults_doubleplus_tesselated,
          nicolae_vaults_asterisk, vaults_dpeg_doors,
          nicolae_vaults_trapezoid_lopsided_3, vaults_room_door_hall,
          ontoclasm_vaults_idyll, hangedman_vaults_slice,
          nicolae_vaults_trapezoid_4, nicolae_vaults_closet_pinwheel_4,
          ontoclasm_vaults_loading_screen, nicolae_vaults_closet_pinwheel_2,
          hangedman_vaults_slither, grunt_vaults_bifocal,
          ontoclasm_vaults_shuriken, nicolae_vaults_tetromino_Z_1,
          layout_vaults_big_cross, nicolae_trove_entry_isolated, serial_shops,
          shop
Vaults:3: nicolae_vaults_octothorpe, nicolae_vaults_angled_halls,
          hangedman_vaults_corner_blocks, hangedman_vaults_unwind,
          vaults_room_grunt_arrival_ludios, nicolae_vaults_tangram_1,
          minmay_crypt_entry_simple_sparse, vaults_room_ringed_pool, v_misc_19,
          layout_vaults_chaotic_city, serial_shops, shop_statue
Vaults:4: nicolae_vaults_octothorpe, nicolae_vaults_border_crossing,
          hangedman_vaults_corner_blocks, nicolae_vaults_asterisk,
          vaults_mumra_hex, nicolae_vaults_triangles,
          nicolae_vaults_double_plus_2, nicolae_vaults_double_plus_2,
          nicolae_vaults_angled_halls, vaults_room_fancy_cross,
          dpeg_vaults_monster_row, vaults_room_pool,
          nicolae_vaults_weapon_check, vaults_room_pool, vaults_mumra_minichess,
          layout_vaults_ring, uniq_mara
Vaults:5
Depths:1: layout_twisted_cross, serial_bayou_pond_e, hellmouth_2,
          minmay_pinched_square
Depths:2: evilmike_inaccessible_box, layout_cave_shapes, enter_ziggurat_e,
          pan_entry, grunt_dithmenos_smoke_and_mirrors,
          nicolae_hell_entry_big_baal_hell, ebering_ghost_disaster_area
Depths:3: hangedman_pleasuredromes, hell_entry, abyss_entry, serial_shops,
          uniq_enchantress, uniq_margery
Depths:4: evilmike_zot_entry_gauntlet, layout_gridlike, pf_coc_iceberg,
          corexii_hall_statues_t
Zot:1:    layout_basic, hangedman_zot_decor_scrapings, lemuel_baited_zot_trap,
          grunt_ministairs_6, regret_index_zotdec_golden_two_three,
          nicolae_tricolors
Zot:2:    hangedman_orp_of_zott, layout_gridlike, regret_index_zotdec_magical_s
Zot:3:    layout_misc_corridors
Zot:4:    kennysheep_ambush_hall, layout_misc_corridors, st_stairs_2
Zot:5:    layout_basic

Skill      XL: |  1  2  3  4  5  6  7  8  9 10 11 12 13 14 15 16 17 18 19 20 21 22 23 24 25 |
---------------+----------------------------------------------------------------------------+-----
Axes           | 4 5 7 8 9 13 14 16 18 20 22 | 22.7
Fighting       | 6 10 12 13 14 17 19 20 21 23 24 25 26 27 | 27.0
Shields        | 7 14 16 | 16.6
Armour         | 7 12 14 15 17 19 21 22 23 24 25 | 25.5
Evocations     | 3 7 8 10 12 14 15 17 18 | 18.7
Dodging        | 4 6 7 8 9 10 12 13 | 13.9
Throwing       | 10 14 15 | 15.0

Action                     |  1- 3 |  4- 6 |  7- 9 | 10-12 | 13-15 | 16-18 | 19-21 | 22-24 | 25-27 || total
---------------------------+-------+-------+-------+-------+-------+-------+-------+-------+-------++-------
  Melee: Hand axe          |    82 |   197 |    84 |   183 |       |       |       |       |       ||   546
         Headbutt          |     8 |    34 |    35 |   110 |   198 |   208 |   373 |   492 |   135 ||  1593
         Punch             |     1 |     4 |       |     2 |       |       |       |       |       ||     7
         Dire flail        |       |       |   137 |       |       |       |       |       |       ||   137
         Battleaxe         |       |       |    16 |     3 |       |       |       |       |       ||    19
         Broad axe         |       |       |       |   230 |   887 |   914 |  1253 |  1425 |   372 ||  5081
  Throw: Stone             |       |       |       |    13 |     9 |       |       |       |       ||    22
         Boomerang         |       |       |       |       |       |     7 |       |    65 |    10 ||    82
         Javelin           |       |       |       |       |       |       |     1 |     3 |     9 ||    13
 Invoke: Berserk           |       |     1 |     4 |     2 |     1 |     3 |    10 |     3 |       ||    24
         Trog's Hand       |       |       |       |     1 |       |       |       |       |       ||     1
         Brothers in Arms  |       |       |       |       |       |       |       |     4 |     2 ||     6
  Evoke: Phantom mirror    |       |       |       |       |     1 |     1 |       |       |       ||     2
         Wand              |       |       |       |       |     1 |       |     2 |     2 |     1 ||     6
         Condenser vane    |       |       |       |       |       |       |     1 |     2 |       ||     3
    Use: Scroll            |       |     5 |     3 |     6 |    18 |     5 |     6 |    17 |     2 ||    62
         Potion            |       |     1 |     3 |       |       |     5 |     1 |     7 |     3 ||    20
   Stab: Sleeping          |       |     1 |       |       |       |       |       |       |       ||     1
         Distracted        |       |       |       |     1 |     1 |       |       |     1 |       ||     3
         Paralysed         |       |       |       |       |       |       |     4 |       |       ||     4
 Armour: Animal skin       |    46 |    86 |    50 |       |       |       |       |       |       ||   182
         Scale mail        |       |       |    18 |       |     1 |       |       |       |       ||    19
         Troll leather arm |       |       |    16 |    80 |       |       |       |       |       ||    96
         Chain mail        |       |       |       |    15 |   238 |       |       |       |       ||   253
         Plate armour      |       |       |       |       |    38 |   573 |   666 |   346 |       ||  1623
         Skin              |       |       |       |       |    15 |       |       |       |       ||    15
         Gold dragon scale |       |       |       |       |       |       |       |   661 |   186 ||   847
  Dodge: Dodged            |    68 |   114 |   223 |   244 |   160 |   190 |   235 |   366 |    84 ||  1684
  Block: Kite shield       |       |       |       |    50 |   362 |   464 |   503 |   554 |   148 ||  2081
